 Dungeon Crawl Stone Soup version 0.15-a0-1866-g491fd59 (webtiles) character file.

247 Kenran the Ruffian (level 5, -4/45 HPs)
             Began as a Minotaur Monk on July 4, 2014.
             Was a Believer of Makhleb.
             Slain by an ogre
             ... wielding a +0 giant club
              (26 damage)
             ... on Level 4 of the Dungeon.
             The game lasted 00:10:36 (3553 turns).

Kenran the Ruffian (Minotaur Monk)                  Turns: 3553, Time: 00:10:36

HP  -4/45        AC  3     Str 16      XL: 5   Next: 85%
MP   2/2         EV 12     Int  7      God: Makhleb [**....]
Gold 203         SH  0     Dex 13      Spells:  0 memorised,  4 levels left

rFire  . . .     SeeInvis .       - Unarmed
rCold  . . .     Clarity  .     f - +0 leather armour
rNeg   . . .     rCorr    .     (no shield)
rPois  .         rRot     .     (helmet restricted)
rElec  .         Spirit   .     (no cloak)
SustAb .         Warding  .     (no gloves)
rMut   .         Stasis   .     (no boots)
Gourm  .                        (no amulet)
MR     .....                    (no ring)
                                (no ring)

@: not resistant to hostile enchantments, very unstealthy
A: retaliatory headbutt, horns 2
a: Minor Destruction, Renounce Religion


You were on level 4 of the Dungeon.
You worshipped Makhleb.
Makhleb was pleased with you.
You were not hungry.

You visited 2 branches of the dungeon, and saw 5 of its levels.

You collected 203 gold pieces.

Inventory:

Armour
 f - a +0 leather armour (worn)
Comestibles
 b - 3 bread rations
 k - a rotting chunk of giant newt flesh
Scrolls
 d - 5 scrolls of identify
 e - 3 scrolls of enchant weapon
 g - a scroll of fear
 i - 4 scrolls of remove curse
 j - a scroll of enchant armour
 l - 2 scrolls of teleportation
 n - a scroll of recharging
Jewellery
 a - an uncursed ring of positive energy {unknown}
Potions
 o - a potion of agility


   Skills:
 - Level 3.6 Fighting
 - Level 3.2 Dodging
 - Level 1.5 Stealth
 + Level 7.9 Unarmed Combat


You had 4 spell levels left.
You didn't know any spells.

Dungeon Overview and Level Annotations

Branches:
Dungeon (4/15)             Temple (1/1) D:4

Altars:
Fedhas
Kikubaaqudgha
Makhleb
Nemelex Xobeh
Okawaru
Sif Muna
Trog
The Shining One


Innate Abilities, Weirdness & Mutations

You reflexively headbutt those who attack you in melee.
You have a pair of horns on your head.


Message History

You smell something rotten. (slot k)
There is a stone staircase leading down here.
You climb downwards.
There is a stone staircase leading up here.
You completely miss the ogre. The ogre hits you with a giant club!
You punch the ogre!
The ogre is moderately wounded.
You barely miss the ogre.
The ogre is moderately wounded.
The ogre hits you with a giant club!
You hit the ogre.
The ogre is moderately wounded.
The ogre barely misses you.
You punch the ogre! Your headbutt misses the ogre.
The ogre is severely wounded.
You hit the ogre.
The ogre is severely wounded.
The ogre hits you with a giant club!!
Ouch! That really hurt!
You die...

#......[... #.#########
##.## ##...## ##.....##
#.......#######
#.###(.##......
#..(#######.# #...#......
........@##.###..#.......
.........O......###......
........##...##.#.......
...#.#######.###.#......
.. #. #?# ###...... #g
#.# ####### ....#
#.########### # .....##
##............ .
.............#####..####.


You could see an ogre.

Vanquished Creatures
  2 worker ants (D:4)
  10 adders
  2 giant mites
  3 worms
  3 giant geckos
  An ooze (D:2)
  An orc (D:4)
  13 bats
  4 giant cockroaches
  6 goblins
  7 hobgoblins
  4 jackals (D:3)
  3 quokkas
  4 ball pythons (D:3)
  3 giant newts
  8 kobolds
  12 rats
86 creatures vanquished.

Notes
Turn   | Place    | Note
--------------------------------------------------------------
     0 | D:1      | Kenran, the Minotaur Monk, began the quest for the Orb.
     0 | D:1      | Reached XP level 1. HP: 19/19 MP: 1/1
   225 | D:1      | Reached XP level 2. HP: 26/26 MP: 1/1
   269 | D:1      | Reached skill level 5 in Unarmed Combat
   815 | D:2      | Reached XP level 3. HP: 17/31 MP: 2/2
  1105 | D:2      | Reached skill level 6 in Unarmed Combat
  1400 | D:2      | Reached XP level 4. HP: 39/39 MP: 2/2
  1961 | D:3      | Reached XP level 5. HP: 45/45 MP: 2/2
  1971 | D:3      | Reached skill level 7 in Unarmed Combat
  2097 | D:3      | Found a glowing golden altar of the Shining One.
  3051 | D:4      | Found a bloodstained altar of Trog.
  3113 | D:4      | Found a staircase to the Ecumenical Temple.
  3133 | Temple   | Entered the Ecumenical Temple
  3207 | Temple   | Became a worshipper of Makhleb the Destroyer
  3207 | Temple   | Acquired Makhleb's first power
  3207 | Temple   | Acquired Makhleb's second power
  3263 | D:4      | Noticed an ogre
  3553 | D:4      | Slain by an ogre

Action                   |  1- 3 |  4- 6 || total
-------------------------+-------+-------++-------
Melee: Unarmed           |    71 |   125 ||   196
  Use: Scroll            |     7 |     6 ||    13
       Potion            |       |     3 ||     3
 Stab: Sleeping          |     1 |     5 ||     6
